 Dungeon Crawl Stone Soup version 0.25-a0-246-g58704a1ebd (webtiles) character file.

Game seed: 9125816174469445960, levelgen mode: deterministic

107 Gargoyl the Skirmisher (level 4, -4/39 HPs)
             Began as a Centaur Abyssal Knight on Dec 3, 2019.
             Was a Believer of Lugonu.
             Killed from afar by Sigmund (10 damage)
             ... with a puff of flame
             ... on level 2 of the Dungeon.
             The game lasted 00:02:53 (2020 turns).

Gargoyl the Skirmisher (Centaur Abyssal Knight)     Turns: 2020, Time: 00:02:54

Health: -4/39      AC:  5    Str: 14    XL:     4   Next: 57%
Magic:  5/5        EV:  9    Int: 11    God:    Lugonu [**....]
Gold:   76         SH:  0    Dex: 10    Spells: 3/3 levels left

rFire    . . .     SeeInvis .   a - +1 hand axe
rCold    . . .     Gourm    .   (no shield)
rNeg     . . .     Faith    .   b - +0 leather armour
rPois    +         Spirit   .   (no helmet)
rElec    .         Reflect  .   h - +0 cloak
rCorr    .         Harm     .   (no gloves)
MR       .....                  (no barding)
Stlth    ..........             (no amulet)
HPRegen  0.13/turn              g - ring of poison resistance
MPRegen  0.09/turn              (no ring)

@: very quick
A: large, hooves 3, deformed body, speed 2, tough skin 3
a: Depart the Abyss, Bend Space, Renounce Religion


You were on level 2 of the Dungeon.
You worshipped Lugonu.
Lugonu was pleased with you.
You were not hungry.

You visited 1 branch of the dungeon, and saw 2 of its levels.
You visited the Abyss 1 time.

You collected 76 gold pieces.

Inventory:

Hand Weapons
 a - a +1 hand axe (weapon)
Armour
 b - a +0 leather armour (worn)
 d - a scarf of resistance
 h - a +0 cloak (worn)
Jewellery
 g - a ring of poison resistance (left hand)
Scrolls
 i - a scroll of remove curse
 j - a scroll of blinking
 k - a scroll of fear {unknown}
 l - a scroll of teleportation
Potions
 e - a potion of lignification {unknown}
 f - 2 potions of curing {unknown}
Comestibles
 c - 5 rations


   Skills:
 + Level 3.6 Fighting
 + Level 2.6 Axes
 * Level 2.2 Armour
 * Level 1.3 Dodging
 * Level 2.5 Invocations


You had 3 spell levels left.
You didn't know any spells.
Your spell library was empty.

Dungeon Overview and Level Annotations

Branches:
Dungeon (2/15)

Altars:
Cheibriados

Annotations:
D:2 Sigmund


Innate Abilities, Weirdness & Mutations

You have hooves in place of feet.
Armour fits poorly on your strangely shaped body.
You cover ground very quickly.
You have extremely tough skin. (AC +3)


Message History

You hit the frilled lizard.
You kill the frilled lizard!
Lugonu accepts your kill.
You see here a frilled lizard corpse.
Sigmund barely misses you.
You closely miss Sigmund.
Sigmund points at you and mumbles some strange words.
You resist with some effort.
You closely miss Sigmund.
Sigmund hits you with a +2 scythe of protection!
You hit Sigmund but do no damage. You hit Sigmund. You kick Sigmund.
Sigmund is lightly wounded.
Sigmund hits you with a +2 scythe of protection.
Sigmund hits you from afar with a +2 scythe of protection!
* * * LOW HITPOINT WARNING * * *
You see here a frilled lizard corpse.
Sigmund casts a spell at you. The puff of flame hits you!
You die...

#.##.......#......# #.##.##
#.#######....####.# #.##.# #(#
#.#.## #.####.##.## #.# #.#.#
*#...†....... #.# #.#.#
#.......##.## ### #.# #.#.#
#.#####.##.# #.## #.#######.#.#
#,#***#.##.#
.#.###.........#.####.##.......#
###.............@.†.@.......####
.#.##################.#####.#
#.## *,..,,..# ### ***##****


You could see Sigmund.

Vanquished Creatures
  A bullfrog skeleton (D:2)
  2 adders (D:2)
  3 worms (D:2)
  4 dart slugs
  A leopard gecko (D:2)
  A giant cockroach (D:2)
  2 goblins
  8 hobgoblins
  6 jackals
  3 kobolds
  7 bats
  A frilled lizard (D:2)
  7 rats
46 creatures vanquished.

Notes
Turn   | Place    | Note
-------+----------+-------------------------------------------
     0 | Abyss:1  | Gargoyl the Centaur Abyssal Knight began the quest for the
                  | Orb.
     0 | Abyss:1  | Reached XP level 1. HP: 19/19 MP: 2/2
    95 | Abyss:1  | Noticed a large abomination
   119 | Abyss:1  | Noticed a large abomination
   171 | D:1      | Escaped the Abyss
   308 | D:1      | Reached * piety under Lugonu
   312 | D:1      | Reached XP level 2. HP: 19/26 MP: 3/3
   684 | D:1      | Reached skill level 1 in Dodging
   698 | D:1      | Reached XP level 3. HP: 28/31 MP: 4/4
   960 | D:2      | Found a snail-covered altar of Cheibriados.
  1136 | D:2      | Noticed Sigmund
  1300 | D:2      | Reached XP level 4. HP: 30/38 MP: 5/5
  1472 | D:2      | Reached ** piety under Lugonu
  2020 | D:2      | Killed from afar by Sigmund

Levels and vault maps discovered:
D:1:      minmay_arrival_jagged, layout_basic
D:2:      layout_loops_ring, kennysheep_slug_shrine, uniq_sigmund,
          uniq_crazy_yiuf_cottage

Skill      XL: |  1  2  3 |
---------------+----------+-----
Axes           | 2 |  2.6
Dodging        | 1 |  1.3
Armour         | 2 |  2.2
Fighting       | |  3.6
Invocations    | |  2.5

Action                   |  1- 3 |  4- 6 || total
-------------------------+-------+-------++-------
Melee: Hand axe          |    90 |    58 ||   148
       Kick              |    16 |     9 ||    25
Invok: Depart the Abyss  |     1 |       ||     1
  Use: Scroll            |     6 |       ||     6
  Eat: Chunk             |       |     2 ||     2
Armor: Leather armour    |    62 |    21 ||    83
Dodge: Dodged            |    68 |    32 ||   100

Table legend:
 A = Non-vault XP
 B = Vault XP
 C = Vault XP percentage of total XP
 D = Non-vault monster count
 E = Vault monster count
 F = Vault count percentage of total count
                 A         B        C        D         E       F
            +---------+---------+-------+---------+---------+-------
      Total |     150 |       4 |   2.6 |      45 |       1 |   2.2
            +---------+---------+-------+---------+---------+-------
        D:1 |      44 |       0 |   0.0 |      23 |       0 |   0.0
        D:2 |     106 |       4 |   3.6 |      22 |       1 |   4.3
            +---------+---------+-------+---------+---------+-------
